 Dungeon Crawl Stone Soup version 0.26.1-10-gdfb7c7de75 (webtiles) character file.

Game seed: 3621671947521373908

1574 Almogavar the Spear-Bearer (level 8, -1/60 HPs)
             Began as a Merfolk Gladiator on Apr 12, 2021.
             Was an Initiate of Okawaru.
             Engulfed by a steam dragon's steam (15 damage)
             ... on level 6 of the Dungeon.
             The game lasted 00:12:51 (5224 turns).

Almogavar the Spear-Bearer (Merfolk Gladiator)      Turns: 5224, Time: 00:12:52

Health: -1/60      AC:  2    Str: 16    XL:     8   Next: 90%
Magic:  8/8        EV: 16    Int:  7    God:    Okawaru [......]
Gold:   345        SH:  0    Dex: 16    Spells: 7/7 levels left

rFire    . . .     SeeInvis .   a - +0 trident
rCold    . . .     Faith    .   (no shield)
rNeg     . . .     Spirit   .   (no armour)
rPois    .         Reflect  .   c - +0 helmet
rElec    .         Harm     .   (no cloak)
rCorr    .         Rampage  .   (no gloves)
Will     .....                  m - +0 pair of boots
Stlth    ++........             (no amulet)
HPRegen  0.20/turn              (no ring)
MPRegen  0.11/turn              (no ring)

@: no status effects
A: change form in water, swift swim, stealthy swim
a: Renounce Religion


You were on level 6 of the Dungeon.
You worshipped Okawaru.
Okawaru was noncommittal.
You visited 2 branches of the dungeon, and saw 7 of its levels.

You collected 345 gold pieces.

Inventory:

Hand Weapons
 a - a +0 trident (weapon)
Missiles
 d - 2 throwing nets
 s - 30 poisoned darts (quivered)
 A - 2 boomerangs
Armour
 c - a +0 helmet (worn)
 m - a +0 pair of boots (worn)
 p - a +0 ring mail
 t - a +0 chain mail
 D - a +0 scale mail
 G - +0 steam dragon scales
Scrolls
 e - 2 scrolls of magic mapping
 f - a scroll of blinking
 g - 6 scrolls of teleportation
 o - a scroll of remove curse
 u - 2 scrolls of fear {unknown}
 v - a scroll of fog {unknown}
 w - 3 scrolls of random uselessness {unknown}
 x - a scroll of noise {unknown}
 y - a scroll of amnesia {unknown}
 B - a scroll of enchant armour {unknown}
Potions
 b - 3 potions of haste
 h - a potion of heal wounds
 i - 2 potions of flight
 j - 3 potions of lignification {unknown}
 k - a potion of brilliance
 l - a potion of mutation {unknown}
 n - a potion of ambrosia {unknown}
 q - a potion of might {unknown}
 r - a potion of degeneration {unknown}
 z - 2 potions of resistance {unknown}
 C - a potion of invisibility {unknown}
 E - a potion of berserk rage {unknown}
 F - 2 potions of cancellation {unknown}


   Skills:
 + Level 4.3 Fighting
 + Level 10.4 Polearms
 + Level 5.0 Throwing
 + Level 3.5 Armour
 + Level 6.0 Dodging
 + Level 1.3 Stealth


You had 7 spell levels left.
You didn't know any spells.
Your spell library contained the following spells:

 Spells                   Type           Power        Failure   Level
 Confusing Touch          Hex            0%           80%         3
 Gell's Gravitas          Tloc           0%           80%         3
 Petrify                  Tmut/Erth      0%           99%         4
 Metabolic Englaciation   Hex/Ice        0%           100%        5
 Yara's Violent Unravell  Hex/Tmut       0%           100%        5


Dungeon Overview and Level Annotations

Branches:
Dungeon (6/15)             Temple (1/1) D:5

Altars:
Dithmenos
Gozag
Kikubaaqudgha
Makhleb
Nemelex Xobeh
Okawaru
Qazlal
Ru
Sif Muna
Trog
Wu Jian
Xom
Yredelemnul
Zin
The Shining One

Shops:
D:5 }


Message History

Keep equipping yourself?
You stop putting on your armour.
Throw: 32 darts (poison)
Press: ? - help, Q - select action, (/) - cycle Shift-Dir - straight line, f - steam dragon
Aim: a steam dragon (wandering, hasn't noticed you, 64% to hit)
You throw a poisoned dart.
The poisoned dart closely misses the steam dragon.
The steam dragon hisses angrily.
Throw: 31 darts (poison)
Press: ? - help, Q - select action, (/) - cycle Shift-Dir - straight line, f/p - steam dragon
Aim: a steam dragon (64% to hit)
You throw a poisoned dart.
The poisoned dart hits the steam dragon!
The steam dragon is poisoned.
The steam dragon breathes steam at you. The ball of steam hits you!!
* * * LOW HITPOINT WARNING * * *
You hear an angry hiss.
You are engulfed in a cloud of scalding steam.
You die...

#.# #.# ##### #.#
....# #.# ###.# #.#
#.# #.# ###.###.#
........#############
.##.##.......D§§@§§.#
....#.....##(######.#
.#####...##§§§# #
##.####.## ### ...
D.. ...≈ ...≈≈


There were no monsters in sight!

Vanquished Creatures
  Pikel (D:5)
  Sigmund (D:2)
  A steam dragon (D:6)
  An ogre (D:4)
  A lemure (D:4)
  4 scorpions
  A bullfrog zombie (D:5)
  A quasit (D:5)
  A hound (D:4)
  A centaur skeleton (D:5)
  3 orc priests
  3 orc wizards
  2 worker ants
  6 adders
  2 ufetubi (D:5)
  An ooze (D:2)
  3 worms
  2 dart slugs
  3 leopard geckos
  23 orcs
  6 giant cockroaches
  8 goblins
  7 hobgoblins
  2 jackals (D:4)
  A kobold (D:2)
  6 bats
  2 frilled lizards
  3 rats
96 creatures vanquished.

Notes
Turn   | Place    | Note
-------+----------+-------------------------------------------
     0 | D:1      | Almogavar the Merfolk Gladiator began the quest for the
                  | Orb.
     0 | D:1      | Reached XP level 1. HP: 16/16 MP: 1/1
   259 | D:1      | Reached skill level 5 in Polearms
   301 | D:1      | Reached XP level 2. HP: 22/22 MP: 2/2
   917 | D:2      | Reached XP level 3. HP: 27/27 MP: 3/3
  1191 | D:2      | Reached skill level 1 in Armour
  1191 | D:2      | Reached XP level 4. HP: 30/33 MP: 4/4
  1510 | D:2      | Noticed Sigmund
  1523 | D:2      | Killed Sigmund
  1524 | D:2      | Reached skill level 7 in Polearms
  1524 | D:2      | Reached XP level 5. HP: 38/39 MP: 5/5
  1772 | D:3      | Reached XP level 6. HP: 46/46 MP: 6/6
  2408 | D:4      | Reached skill level 5 in Dodging
  2567 | D:4      | Reached skill level 8 in Polearms
  2629 | D:4      | Reached XP level 7. HP: 52/52 MP: 7/7
  2799 | D:5      | Entered Level 5 of the Dungeon
  2799 | D:5      | Found Uhippage's Gadget Emporium.
  2802 | D:5      | Noticed Pikel
  3131 | D:5      | Reached skill level 9 in Polearms
  3158 | D:5      | Killed Pikel
  3159 | D:5      | Reached skill level 10 in Polearms
  3159 | D:5      | Reached XP level 8. HP: 33/60 MP: 8/8
  3641 | D:5      | Found a staircase to the Ecumenical Temple.
  3651 | Temple   | Entered the Ecumenical Temple
  3700 | Temple   | Became a worshipper of Warmaster Okawaru
  5080 | D:6      | Reached skill level 1 in Stealth
  5212 | D:6      | Reached skill level 5 in Throwing
  5224 | D:6      | Engulfed by a steam dragon's steam

Illustrated notes

Levels and vault maps discovered:
D:1:      psy_arrival_basics, layout_rooms, minmay_distorted
D:2:      layout_basic, uniq_sigmund
D:3:      layout_rooms
D:4:      layout_basic, serial_shops, nicolae_shop_waterfront
D:5:      layout_layer_cave, minmay_temple_entry_nine_rooms, serial_shops, shop,
          uniq_pikel
D:6:      cheibrodos_steamvent, layout_loops_corners, uniq_duvessa
Temple:   regret_index_temple_sigil_plot

Skill      XL: |  1  2  3  4  5  6  7  8 |
---------------+-------------------------+-----
Polearms       | 5 7 8 10 | 10.4
Armour         | 1 2 3 |  3.5
Dodging        | 5 6 |  6.0
Fighting       | 3 4 |  4.3
Throwing       | 4 5 |  5.0
Stealth        | 1 |  1.3

Action                   |  1- 3 |  4- 6 |  7- 9 || total
-------------------------+-------+-------+-------++-------
Melee: Trident           |   102 |   142 |   162 ||   406
Throw: Throwing net      |       |     2 |       ||     2
       Dart              |       |    17 |    47 ||    64
  Use: Scroll            |     4 |     1 |     3 ||     8
       Potion            |       |       |     1 ||     1
 Stab: Distracted        |       |       |     1 ||     1
Armor: Leather armour    |    11 |       |       ||    11
       Ring mail         |    16 |    34 |    44 ||    94
Dodge: Dodged            |    54 |    81 |   106 ||   241
